 Dungeon Crawl Stone Soup version 0.13.0-25-g43d4df3 (webtiles) character file.

285 Malachi the Vexing (level 4, -3/24 HPs)
             Began as a Gargoyle Enchanter on Oct 27, 2013.
             Slain by a big fish (5 damage)
             ... on Level 3 of the Dungeon.
             The game lasted 00:03:52 (2531 turns).

Malachi the Vexing (Gargoyle Enchanter)             Turns: 2531, Time: 00:03:52

HP  -3/24        AC  6     Str 11      XL: 4   Next: 45%
MP   7/7         EV 12     Int 17      God:
Gold 201         SH  0     Dex 10      Spells:  3 memorised,  0 levels left

Res.Fire  : . . .   See Invis. : .   p - +1 orc dagger (venom)
Res.Cold  : . . .   Warding    : .   b - +1 robe
Life Prot.: + . .   Conserve   : .   (no shield)
Res.Poison: +       Res.Corr.  : .   (no helmet)
Res.Elec. : +       Clarity    : .   (no cloak)
Sust.Abil.: . .     Spirit.Shd : .   (no gloves)
Res.Mut.  : .       Stasis     : .   (no boots)
Res.Rott. : +       Flight     : .   (no amulet)
Saprovore : . . .                    (no ring)
                                     (no ring)

@: slightly resistant to hostile enchantments, fairly stealthy
A: fangs 1, talons 2, life protection 1, electricity resistance, slow metabolism
1, unbreathing, petrification resistance, AC +3
a: no special abilities


You were on level 3 of the Dungeon.
You were very hungry.

You visited 1 branch of the dungeon, and saw 3 of its levels.

You collected 181 gold pieces.

Inventory:

Hand weapons
 a - a +1,+1 dagger {=f}
 p - a +1,+1 orcish dagger of venom (weapon)
Missiles
 d - 12 darts (quivered)
Armour
 b - a +1 robe (worn)
Magical devices
 r - a wand of confusion (7) {unknown}
Comestibles
 f - 3 bread rations
 n - 10 sultanas
 o - an apple
Scrolls
 e - a scroll of random uselessness {unknown}
 h - 2 scrolls of identify {unknown}
 j - a scroll of remove curse {unknown}
 m - 2 scrolls of recharging {unknown}
 s - a scroll of fear {unknown}
 t - a scroll of curse armour {unknown}
Potions
 g - 5 potions of curing {unknown}
 i - a potion of speed {unknown}
 k - a potion of cure mutation {unknown}
 l - a potion of invisibility {unknown}
 q - a potion of degeneration {unknown}
Books
 c - a book of Maledictions

   Spells                             Type                      Level
   *Corona                            Hexes                        1
   *Sure Blade                        Hexes/Charms                 2
   *Ensorcelled Hibernation           Hexes/Ice                    2
   Confuse                            Hexes                        3
   Enslavement                        Hexes                        4
   Invisibility                       Hexes                        6


   Skills:
 + Level 1.4 Short Blades
 - Level 1.0 Throwing
 - Level 1.9 Dodging
 + Level 2.5 Stealth
 - Level 1.0 Spellcasting
 * Level 4.1 Hexes
 + Level 0.2 Ice Magic


You couldn't memorise any spells.
You knew the following spells:

 Your Spells              Type           Power        Failure   Level  Hunger
a - Corona                Hex            ##.....      4%          1    ##.....
b - Ensorcelled Hibernat  Hex/Ice        #.....       17%         2    ###....
c - Sure Blade            Hex/Chrm       #.........   17%         2    ###....


Dungeon Overview and Level Annotations

Branches:
Dungeon (3/27)

Altars:
Fedhas


Innate Abilities, Weirdness & Mutations

You are resistant to torment.
You are immune to poison.
Your stone body is very resilient (AC +3).
You have very sharp teeth.
You have razor-sharp toenails.
You resist negative energy.
You are resistant to electric shocks.
You have a slow metabolism.
You can survive without breathing.
You are immune to petrification.


Message History

The big fish is severely wounded.
The big fish barely misses you.
You barely miss the big fish. Your kick misses the big fish.
The big fish is severely wounded.
The big fish bites you.
The big fish stops glowing.
The big fish looks more healthy.
The big fish bites you.
You hit the big fish.
The big fish is poisoned.
Your kick misses the big fish.
The big fish is almost dead.
The big fish barely misses you.
You closely miss the big fish.
The big fish is almost dead.
The big fish bites you.
* * * LOW HITPOINT WARNING * * *
You are too injured to fight recklessly!
You hit the big fish.
The big fish looks even sicker.
The big fish is almost dead.
The big fish bites you.
You die... #.# #P.
PPP

#.# #fP###fP♣f #.#
####PP♣f♣..... #.#
#..#PP.♣..≈≈≈≈≈ #.#
#..#.♣P..≈≈≈≈≈≈ #.#
#..#f...≈≈≈≈≈≈≈ #.#
##..#PP.≈≈≈≈≈≈≈≈≈ ###
#.# #...###.≈≈≈≈...≈≈
..###.#
#......@;≈≈≈._..%
#.....#
##...###.≈≈≈≈...≈
..#######....#
f.≈≈≈≈≈≈≈≈ ###
#........#♣P..≈≈≈≈≈≈≈
#####.##.....#.#...≈≈≈≈≈
.............#♣P.f..≈≈≈
#####.###....##P♣P♣...
#.# ##.#.#


fP.P#P ### #.# #.### Pff You could see a big fish.

Vanquished Creatures
  An adder (D:3)
  A giant mite (D:1)
  2 worms (D:2)
  4 giant geckos
  An orc (D:3)
  6 bats
  A giant cockroach (D:1)
  9 goblins
  5 hobgoblins
  9 kobolds
  2 quokkas
  A ball python (D:1)
  3 giant newts
  2 rats (D:1)
47 creatures vanquished.

Notes
Turn   | Place    | Note
--------------------------------------------------------------
     0 | D:1      | Malachi, the Gargoyle Enchanter, began the quest for the Orb.
     0 | D:1      | Reached XP level 1. HP: 10/10 MP: 3/3
   124 | D:1      | Reached skill level 3 in Hexes
   201 | D:1      | Reached XP level 2. HP: 15/15 MP: 2/4
   205 | D:1      | Reached skill level 1 in Short Blades
   398 | D:1      | Reached XP level 3. HP: 3/19 MP: 2/5
   662 | D:1      | Learned a level 2 spell: Ensorcelled Hibernation
  1879 | D:2      | Reached XP level 4. HP: 18/24 MP: 1/7
  2099 | D:3      | Learned a level 2 spell: Sure Blade
  2225 | D:3      | Reached skill level 4 in Hexes
  2507 | D:3      | Found a blossoming altar of Fedhas.
  2531 | D:3      | Slain by a big fish

Action                   |  1- 3 |  4- 6 || total
-------------------------+-------+-------++-------
Melee: Dagger            |   146 |    52 ||   198
 Cast: Corona            |    23 |     9 ||    32
       Ensorcelled Hiber |     3 |       ||     3
 Stab: Sleeping          |     2 |       ||     2
